 Dungeon Crawl Stone Soup version 0.30-a0-596-g0af90f9a20 (webtiles) character file.

Game seed: 17004739950312559051

24 bmack86 the Trooper (level 2, -6/27 HPs)
             Began as a Minotaur Fighter on Jan 7, 2023.
             Killed from afar by an orc wizard (9 damage)
             ... with a magic dart
             ... on level 2 of the Dungeon.
             The game lasted 00:00:46 (151 turns).

bmack86 the Trooper (Minotaur Fighter)               Turns: 151, Time: 00:00:47

Health: -6/27      AC:  7    Str: 20    XL:     2   Next: 79%
Magic:  1/1        EV:  9    Int:  5    God:
Gold:   25         SH:  0    Dex:  9    Spells: 1/1 levels left

rFire   . . .      SeeInvis .    a - +0 war axe
rCold   . . .      Faith    .    c - +0 buckler
rNeg    . . .      Spirit   .    b - +0 scale mail
rPois   .          Reflect  .    (helmet restricted)
rElec   .          Harm     .    (no cloak)
rCorr   .          Rampage  .    (no gloves)
Will    .....                    (no boots) Stlth
                                 (no amulet)
HPRegen 0.24/turn                (no ring)
MPRegen 0.07/turn                (no ring)

@: confused
A: horns 2, retaliatory headbutt
a: no special abilities


You were on level 2 of the Dungeon.
You visited 1 branch of the dungeon, and saw 2 of its levels.

You collected 25 gold pieces.

Inventory:

Hand Weapons
 a - a +0 war axe (weapon)
Armour
 b - a +0 scale mail (worn)
 c - a +0 buckler (worn)
Scrolls
 f - a scroll of magic mapping {unknown}
Potions
 d - a potion of might
 e - a potion of curing {unknown}


   Skills:
 * Level 4.1 Fighting
 * Level 3.1 Axes
 + Level 3.9 Armour
 + Level 3.8 Shields


You had one spell level left.
You didn't know any spells.
Your spell library was empty.

Dungeon Overview and Level Annotations

Branches:
Dungeon (1/15)

Altars:


Innate Abilities, Weirdness & Mutations

You have a pair of horns on your head.
You reflexively headbutt those who attack you in melee.


Message History

* * * LOW HITPOINT WARNING * * *
Something hits you but does no damage.
You barely miss something. Something hits you but does no damage.
You miss something. Something hits you.
* * * LOW HITPOINT WARNING * * *
Something hits you but does no damage.
You barely miss something. Something hits you but does no damage.
You barely miss something. Something hits you but does no damage.
You miss something. You headbutt something.
You hear some strange, mumbled words.
You are confused.
Something hits you but does no damage. Something hits you.
* * * LOW HITPOINT WARNING * * *
Found a scroll labelled IWAKLA BYORGHO.
Something hits you but does no damage.
There is a broken door here.
You're too confused to move!
Something hits you but does no damage.
You completely miss something. Something hits you but does no damage.
You feel less confused. Something hits you but does no damage.
You miss something. Something hits you.
* * * LOW HITPOINT WARNING * * *
You hear some strange, mumbled words.
A puff of flame appears from out of thin air!
The puff of flame misses you.
You hit something but do no damage. Something hits you but does no damage.
You hit something but do no damage.
You hear some strange, mumbled words.
You are confused.
You bump into the granite statue.
Something hits you.
* * * LOW HITPOINT WARNING * * *
You closely miss something. Something hits you but does no damage.
Something hits you.
* * * LOW HITPOINT WARNING * * *
You bump into the rock wall.
You hear some strange, mumbled words.
A magic dart appears from out of thin air!
The magic dart hits you!
You die...

....#..#..# .##..# ..#
....##...# .#.^. ..#
....#....## ...# ..
......##..# ..# #'####
.....####.##..# .....#
..........)..#####.....#
.....#####†)##.8.#...$.#
....... #..)...{'....[#
###.##. ##.##.8@#.....#
..# #. ##.#####.....#
### ## ..< .....# ...#
###'## ...# ..# .... ?#
..##. #


There were no monsters in sight!

Vanquished Creatures
  An adder (D:2)
  3 orcs (D:2)
  A ball python (D:2)
  An endoplasm (D:2)
  2 goblins
  2 bats
  2 kobolds
12 creatures vanquished.

Notes
Turn   | Place    | Note
-------+----------+-------------------------------------------
     0 | D:1      | bmack86 the Minotaur Fighter began the quest for the Orb.
     0 | D:1      | Reached XP level 1. HP: 19/19 MP: 0/0
    64 | D:1      | You fall into a shaft and drop 1 floor!
    90 | D:2      | Reached skill level 4 in Fighting
    90 | D:2      | Reached XP level 2. HP: 27/27 MP: 1/1
   122 | D:2      | Found the +1 Delatra's gloves {ID++}
   151 | D:2      | Killed from afar by an orc wizard

Illustrated notes

Levels and vault maps discovered:
D:1:      dpeg_arrival_water_altar, layout_rooms,
          dreamdust_ecumenical_altar_angels_and_demons
D:2:      layout_rooms, pf_guarded_unrand_delatra

Skill      XL: |  1  2 |
---------------+-------+-----
Fighting       | 4 |  4.1
Axes           | 3 |  3.1
Armour         | |  3.9
Shields        | |  3.8

Action                   || total
-------------------------++-------
Melee: War axe           ||    38
       Headbutt          ||     4
Armor: Scale mail        ||    36
Dodge: Dodged            ||    14
Block: Buckler           ||     9

Table legend: (Time is in decaauts)
 A = Elapsed time spent in this place.
 B = Non-inter-level travel time spent in this place.
 C = Inter-level travel time spent in this place.
 D = Time resting spent in this place.
 E = Time spent auto-exploring this place.
 F = Levels seen in this place.
 G = Mean time per level.
                   A        B        C        D        E       F      G
               +--------+--------+--------+--------+--------+-----+--------+
         Total |    165 |    165 |      0 |      0 |     40 |   2 |   82.5 |
       Dungeon |    165 |    165 |      0 |      0 |     40 |   2 |   82.5 |
               +--------+--------+--------+--------+--------+-----+--------+

Top non-repeatable levels by time:
     D:2: 98 daAuts
     D:1: 66 daAuts
